 Dungeon Crawl Stone Soup version 0.23.2-40-g277498a001 (webtiles) character file.

Game seed: 14694644874305623387

8849 Ihlosi the Fighter (level 11, -3/95 HPs)
             Began as a Red Draconian Conjurer on Sept 30, 2019.
             Was a Believer of Vehumet.
             Slain by a wyvern (11 damage)
             ... on level 6 of the Lair of Beasts on Oct 2, 2019.
             The game lasted 00:54:26 (13428 turns).

Ihlosi the Fighter (Red Draconian Conjurer)        Turns: 13428, Time: 00:54:27

Health: -3/95      AC: 10    Str: 11 (14) XL:     11   Next: 15%
Magic:  22/22      EV: 13    Int: 17 (19) God:    Vehumet [**....]
Gold:   567        SH:  4    Dex:  6 (8)  Spells: 11/25 levels left

rFire    + . .     SeeInvis .   E - +1 falchion (elec)
rCold    + . .     Gourm    .   m - +0 buckler
rNeg     . . .     Faith    .   (armour unavailable)
rPois    +         Spirit   .   r - +1 hat
rElec    .         Reflect  .   y - +0 cloak
rCorr    +         Harm     .   (no gloves)
MR       .....                  d - +0 pair of boots (curse)
Stlth    +++.......             I - amulet of regeneration
HPRegen  0.65/turn              n - ring of resist corrosion
MPRegen  0.18/turn              j - ring of Jayvigun {rPois rC+ Str+3 Dex-3}

@: no status effects
A: breathe fire, unfitting armour, fire resistance 1, cold-blooded, AC +7
a: Breathe Fire, Renounce Religion


You were on level 6 of the Lair of Beasts.
You worshipped Vehumet.
Vehumet was pleased with you.
You were not hungry.

You visited 3 branches of the dungeon, and saw 16 of its levels.

You collected 567 gold pieces.

Inventory:

Hand Weapons
 k - a +0 blowgun
 o - a +0 quarterstaff of draining
 q - a +3 whip of freezing
 w - a -1 war axe
 E - a +1 falchion of electrocution (weapon)
 M - the +6 fustibalus "Pazal" {flame, MR+ Dex+3}
   (You found it on level 1 of the Lair of Beasts)

   It causes projectiles fired from it to burn those they strike, causing extra
   injury to most foes and up to half again as much damage against particularly
   susceptible opponents.
   It affects your dexterity (+3).
   It affects your resistance to hostile enchantments.
Missiles
 e - 33 poisoned needles
 h - 45 bolts
 x - 2 needles of confusion
Armour
 d - a cursed +0 pair of boots (worn)
 m - a +0 buckler (worn)
 r - a +1 hat (worn)
 u - a +0 cloak
 y - a +0 cloak (worn)
Jewellery
 j - the ring of Jayvigun (right hand) {rPois rC+ Str+3 Dex-3}
   (You found it on level 3 of the Lair of Beasts)

   [ring of strength]

   It affects your strength (+3).
   It affects your dexterity (-3).
   It protects you from cold.
   It protects you from poison.
 n - a ring of resist corrosion (left hand)
 C - an uncursed amulet of rage
 I - an amulet of regeneration (around neck)
Wands
 s - a wand of random effects (6)
 G - a wand of flame (16)
 J - a wand of digging (6)
Scrolls
 c - 7 scrolls of identify
 f - a scroll of fog {unknown}
 g - 2 scrolls of enchant armour
 l - 2 scrolls of blinking {unknown}
 t - 3 scrolls of immolation
 A - 3 scrolls of remove curse
 D - a scroll of acquirement {unknown}
 L - a scroll of enchant weapon
Potions
 a - 2 potions of mutation
 i - a potion of brilliance
 K - a potion of curing
Comestibles
 b - 19 rations


   Skills:
 + Level 8.5 Fighting
 + Level 3.2 Long Blades
 + Level 6.7 Dodging
 - Level 6.0 Stealth
 - Level 4.0 Shields
 * Level 7.5 Spellcasting
 - Level 6.0 Conjurations
 - Level 1.0 Hexes
 * Level 3.1 Translocations
 * Level 5.3 Fire Magic
 - Level 3.0 Evocations


You had 11 spell levels left.
You knew the following spells:

 Your Spells              Type           Power        Failure   Level  Hunger
a - Magic Dart            Conj           ####         1%          1    None
b - Dazzling Spray        Conj/Hex       ###...       8%          3    ##.....
c - Flame Tongue          Conj/Fire      ####.        1%          1    None
d - Blink                 Tloc           N/A          4%          2    None
e - Sticky Flame          Conj/Fire      ####....     11%         4    ####...
f - Conjure Flame         Conj/Fire      ####....     3%          3    ##.....

Your spell library contained the following spells:

 Spells                   Type           Power        Failure   Level  Hunger
 Throw Flame              Conj/Fire      ####..       1%          2    None
 Searing Ray              Conj           ####..       1%          2    None
 Apportation              Tloc           ###...       3%          1    None
 Confusing Touch          Hex            #.....       8%          1    None
 Inner Flame              Hex/Fire       ###.....     9%          3    ##.....
 Stone Arrow              Conj/Erth      ###...       10%         3    ##.....
 Iskenderun's Mystic Bla  Conj           ####....     10%         4    ####...
 Animate Skeleton         Necr           N/A          11%         1    None
 Sandblast                Erth           #.....       11%         1    None
 Summon Small Mammal      Summ           #...         11%         1    None
 Slow                     Hex            #.......     11%         2    None
 Mephitic Cloud           Conj/Pois/Air  ##......     14%         3    ##.....
 Call Imp                 Summ           #.......     17%         2    None
 Passwall                 Tmut/Erth      #.......     17%         2    None
 Force Lance              Conj/Tloc      ###.....     17%         4    ####...
 Fulminant Prism          Conj/Hex       ###.......   26%         4    ####...
 Fireball                 Conj/Fire      ####......   30%         5    #####..
 Petrify                  Tmut/Erth      #.......     73%         4    ####...
 Lee's Rapid Deconstruct  Erth           #.........   97%         5    #####..


Dungeon Overview and Level Annotations

Branches:
Dungeon (10/15)            Temple (1/1) D:5            Lair (4/6) D:9
  Swamp: Lair:2-4    Shoals: Lair:2-4     Snake: Lair:2-4    Spider: Lair:2-4
    Orc: D:9-12

Altars:
Ashenzari
Cheibriados
Dithmenos
Elyvilon
Fedhas
Gozag
Hepliaklqana
Kikubaaqudgha
Makhleb
Nemelex Xobeh
Okawaru
Qazlal
Ru
Sif Muna
Trog
Uskayaw
Vehumet
Wu Jian
Xom
Yredelemnul
Zin
The Shining One

Annotations:
D:3 3 runed translucent doors, Maahin3n's ghost, amateur KoAM
D:5 exclusion: door


Innate Abilities, Weirdness & Mutations

You can breathe blasts of fire.
Your fiery red scales are hard. (AC +7)
You cannot fit into any form of body armour.
Your flesh is heat resistant. (rF+)
You are cold-blooded and may be slowed by cold attacks.


Message History

A wyvern comes into view.
Okay, then.
Okay, then.
A yak comes into view.
The elephant tramples you.
* * * LOW HITPOINT WARNING * * *
You stumble backwards!
Found a robe.
The wyvern hisses angrily.
Found a stone staircase leading up.
Found a stone staircase leading up.
The wyvern bites you but does no damage.
A blink frog comes into view.
The elephant tramples you!!
* * * LOW HITPOINT WARNING * * *
You stumble backwards!
The blink frog hits the plant.
There is a stone staircase leading up here.
The wyvern bites you!
You die...

P.P.P.........................#..
.P.P...................#P...###..
รท.........Y...........#..... ..
............YY...P.P...#.
.........Y.YY....P....#.#.
............Y.Y.........
........[Y....Y.........
.(...........FYY........
...............l@.......
..........<............
....####+..#.....PPPPP .##
#P.#.......P.P #..F#......P.P
....###.......P .... #.^.#.P.P
#.....P..


You could see 6 elephants, 6 yaks, a spiny frog, a blink frog (wandering) and a
wyvern.

Vanquished Creatures
  An ugly thing (D:8)
  Joseph (D:7)
  3 spiny frogs
  A komodo dragon (Lair:1)
  A hornet (D:8)
  3 hippogriffs
  A vampire (D:9)
  6 yaks
  Grum (D:8)
  2 wargs (D:9)
  A porcupine (Lair:1)
  3 water moccasins
  5 black bears
  2 orc warriors
  3 ice beasts
  5 ogres
  A sky beast (D:6)
  3 wolves (D:7)
  3 centaurs
  5 crocodiles
  4 big kobolds
  7 bullfrogs
  A wyvern zombie (D:8)
  5 scorpions
  A howler monkey (D:6)
  An electric eel (Lair:3)
  4 crimson imps
  4 orc wizards
  2 jellies (D:8)
  5 orc priests
  A centaur skeleton (D:6)
  7 hounds
  Ijyb (D:3)
  3 iguanas
  6 worker ants
  A hound skeleton (D:6)
  3 gnolls (D:6)
  8 adders
  A shadow imp (D:5)
  An ooze (D:2)
  3 adder zombies
  An adder skeleton (D:4)
  4 worms
  3 dart slugs
  9 leopard geckos
  30 orcs
  3 giant cockroaches
  10 goblins
  4 hobgoblins
  2 jackals (D:4)
  3 quokkas
  6 ball pythons
  9 bats
  A frilled lizard (D:2)
  11 kobolds
  2 quokka skeletons
  6 rats
224 creatures vanquished.

Vanquished Creatures (others)
  A bush (Lair:6)
  6 fungi
  4 plants (Lair:6)
  12 toadstools (D:5)
23 creatures vanquished.

Grand Total: 247 creatures vanquished

Notes
Turn   | Place    | Note
-------+----------+-------------------------------------------
     0 | D:1      | Ihlosi the Draconian Conjurer began the quest for the Orb.
     0 | D:1      | Reached XP level 1. HP: 14/14 MP: 3/3
   681 | D:1      | Reached XP level 2. HP: 20/22 MP: 5/5
  1441 | D:2      | Found a glowing golden altar of the Shining One.
  1594 | D:2      | Found a sparkling altar of Nemelex Xobeh.
  1759 | D:2      | Reached skill level 1 in Fighting
  1759 | D:2      | Reached XP level 3. HP: 22/28 MP: 4/6
  2230 | D:2      | Reached XP level 4. HP: 32/35 MP: 7/7
  2738 | D:3      | Found a runed translucent gate.
  2738 | D:3      | Found a runed translucent gate.
  2738 | D:3      | Found a runed translucent gate.
  2834 | D:3      | Learned a level 3 spell: Dazzling Spray
  2890 | D:3      | Noticed Maahin3n's ghost (amateur KoAM)
  2907 | D:3      | Noticed Ijyb
  3117 | D:4      | Reached skill level 2 in Fighting
  3117 | D:4      | Reached XP level 5. HP: 38/41 MP: 7/9
  3375 | D:4      | Reached XP level 6. HP: 48/49 MP: 10/10
  3967 | D:4      | Found a hide-covered altar of Uskayaw.
  4101 | D:4      | Reached skill level 3 in Fighting
  4150 | D:4      | Reached skill level 5 in Conjurations
  4150 | D:4      | Your scales start taking on a fiery red colour.
  4150 | D:4      | Reached XP level 7. HP: 34/57 MP: 6/12
  4150 | D:4      | Gained mutation: Your flesh is heat resistant. (rF+) [Red
                  | Draconian growth]
  4506 | D:3      | Killed Ijyb
  5215 | D:5      | Entered Level 5 of the Dungeon
  5556 | D:5      | Reached skill level 4 in Fighting
  5727 | D:5      | Reached XP level 8. HP: 36/67 MP: 14/14
  5918 | D:5      | Noticed a slime creature
  5918 | D:5      | Noticed a slime creature
  5982 | D:5      | Found a staircase to the Ecumenical Temple.
  5994 | Temple   | Entered the Ecumenical Temple
  6227 | Temple   | Became a worshipper of Vehumet
  6357 | D:5      | Found a deep blue altar of Sif Muna.
  6457 | D:5      | You fall through a shaft for 3 floors!
  6457 | D:8      | Found a hazy altar of Hepliaklqana.
  6467 | D:8      | Found a snail-covered altar of Cheibriados.
  6472 | D:8      | Found a stormy altar of Qazlal.
  6494 | D:8      | Noticed a hippogriff
  6510 | D:8      | Noticed a red ugly thing
  6534 | D:8      | Reached skill level 5 in Fighting
  6537 | D:8      | Killed a hippogriff
  6537 | D:8      | Reached skill level 5 in Dodging
  6537 | D:8      | Reached skill level 1 in Evocations
  6866 | D:7      | Noticed Joseph
  6933 | D:7      | Reached skill level 5 in Stealth
  7420 | D:5      | Reached skill level 6 in Fighting
  7450 | D:5      | Found a sparkling altar of Nemelex Xobeh.
  7568 | D:6      | Reached skill level 5 in Spellcasting
  7568 | D:6      | Reached XP level 9. HP: 36/75 MP: 16/16
  7890 | D:6      | Reached skill level 1 in Hexes
  8410 | D:6      | Found an opulent altar of Gozag.
  8537 | D:6      | Reached * piety under Vehumet
  8537 | D:6      | Offered knowledge of Flame Tongue by Vehumet.
  8542 | D:6      | Learned a level 1 spell: Flame Tongue
  8624 | D:6      | Found an ancient bone altar of Kikubaaqudgha.
  8949 | D:8      | Reached skill level 1 in Fire Magic
  9001 | D:8      | Reached skill level 1 in Shields
  9623 | D:7      | Reached skill level 7 in Fighting
  9821 | D:8      | Noticed Grum
  9827 | D:8      | Killed Grum
 10124 | D:8      | Found a blossoming altar of Fedhas.
 10280 | D:8      | Killed a red ugly thing
 10280 | D:8      | Reached XP level 10. HP: 86/86 MP: 19/19
 10864 | D:7      | Killed Joseph
 11045 | D:9      | Learned a level 2 spell: Blink
 11161 | D:9      | Found a staircase to the Lair.
 11180 | D:9      | Reached ** piety under Vehumet
 11180 | D:9      | Offered knowledge of Throw Flame by Vehumet.
 11230 | D:9      | Reached skill level 1 in Translocations
 11521 | D:10     | Entered Level 10 of the Dungeon
 11551 | Lair:1   | Entered Level 1 of the Lair of Beasts
 11561 | Lair:1   | Reached skill level 8 in Fighting
 11904 | Lair:1   | Noticed a spiny frog
 11913 | Lair:1   | Killed a spiny frog
 11917 | Lair:1   | Reached skill level 1 in Long Blades
 12085 | Lair:1   | Got a dazzling fustibalus
 12234 | Lair:1   | Noticed a spiny frog
 12245 | Lair:1   | Killed a spiny frog
 12422 | Lair:1   | Reached skill level 5 in Fire Magic
 12649 | Lair:1   | Got a heavily runed ring mail
 12838 | Lair:1   | Identified the cursed +1 ring mail "Ynischotao" {rF+ Str+2}
                  | (You found it on level 1 of the Lair of Beasts)
 12841 | Lair:1   | Identified the +6 fustibalus "Pazal" {flame, MR+ Dex+3}
                  | (You found it on level 1 of the Lair of Beasts)
 12884 | Lair:2   | Learned a level 4 spell: Sticky Flame
 12888 | Lair:2   | Learned a level 3 spell: Conjure Flame
 12941 | Lair:2   | You fall through a shaft for 2 floors!
 12974 | Lair:3   | Reached XP level 11. HP: 81/95 MP: 22/22
 13092 | Lair:3   | Got a smoking granite ring
 13093 | Lair:3   | Identified the ring of Jayvigun {rPois rC+ Str+3 Dex-3}
                  | (You found it on level 3 of the Lair of Beasts)
 13300 | Lair:3   | You fall through a shaft for 3 floors!
 13300 | Lair:6   | Entered Level 6 of the Lair of Beasts
 13346 | Lair:6   | Noticed a six-headed hydra
 13428 | Lair:6   | Slain by a wyvern

Skill      XL: |  1  2  3  4  5  6  7  8  9 10 11 |
---------------+----------------------------------+-----
Stealth        | 2 3 4 5 6 |  6.0
Fighting       | 1 2 3 4 6 7 8 |  8.5
Dodging        | 2 3 4 5 6 |  6.7
Spellcasting   | 3 4 5 6 7 |  7.5
Conjurations   | 5 6 |  6.0
Evocations     | 1 3 |  3.0
Hexes          | 1 |  1.0
Fire Magic     | 3 5 |  5.3
Shields        | 2 4 |  4.0
Translocations | 2 3 |  3.1
Long Blades    | 2 3 |  3.2

Action                   |  1- 3 |  4- 6 |  7- 9 | 10-12 || total
-------------------------+-------+-------+-------+-------++-------
Melee: Unarmed           |    65 |       |       |       ||    65
       Tailslap          |     7 |    14 |    51 |    35 ||   107
       Dagger            |    51 |   176 |   335 |    47 ||   609
       Whip              |       |       |   134 |    26 ||   160
       Falchion          |       |       |       |   161 ||   161
 Cast: Magic Dart        |    23 |    22 |    28 |    15 ||    88
       Dazzling Spray    |       |     5 |    30 |     9 ||    44
       Flame Tongue      |       |       |     6 |     2 ||     8
 Abil: Breathe Fire      |       |       |     7 |     4 ||    11
Evoke: Wand              |       |       |     7 |    10 ||    17
  Use: Scroll            |       |       |    16 |     4 ||    20
       Potion            |       |       |     5 |     4 ||     9
 Stab: Sleeping          |     3 |     4 |    12 |     4 ||    23
       Invisible         |       |     1 |     3 |     2 ||     6
       Distracted        |       |       |     2 |     1 ||     3
  Eat: Chunk             |     5 |     6 |    16 |    12 ||    39
       Ration            |       |       |     2 |       ||     2
Armor: Skin              |    50 |    46 |   130 |    71 ||   297
Dodge: Dodged            |   102 |   136 |   349 |   193 ||   780
Block: Buckler           |       |       |    10 |    50 ||    60
       Rpst.: Falchion   |       |       |       |    38 ||    38
